 Dungeon Sprint DCSS version 0.22-a0-354-g30dfbe6 (webtiles) character file.

35168 KristoblXynda the Fencer (level 13, -2/115 HPs)
             Began as a Red Draconian Gladiator on Apr 16, 2018.
             Was the Champion of Jiyva.
             Shot with a bolt by a yaktaur captain (35 damage)
             ... in the Dungeon (Sprint V: "Ziggurat Sprint").
             The game lasted 00:20:19 (1077 turns).

KristoblXynda the Fencer (Red Draconian Gladiator)  Turns: 1077, Time: 00:20:21

Health: -2/115     AC:  8    Str: 19    XL:     13   Next: 46%
Magic:  28/29      EV: 28    Int: 15    God:    Jiyva [******]
Gold:   0          SH: 12    Dex: 22    Spells: 33/36 levels left

rFire    . . .     SeeInvis .   I - +7 Screaming Sword
rCold    + . .     Gourm    .   F - +3 warlock's mirror {reflect}
rNeg     . . .     Faith    .   (armour unavailable)
rPois    +         Spirit   .   b - +0 hat
rElec    +         Reflect  +   (no cloak)
rCorr    +         Harm     .   (no gloves)
MR       +++..     NoTele   +   (no boots)
Stlth    +.........             (no amulet)
HPRegen  0.29/turn              O - ring "Ygyaqy" {rF- rC+ Str+2 Dex+6}
MPRegen  0.21/turn              C - ring of Oghekh {rElec rPois MR+++ Int+3 Stlth-}

@: lethally poisoned (-2 -> -8), glowing, studying 2 skills
A: breathe fire, unfitting armour, clever 1, fire resistance 1, eyeballs 2,
pseudopods 1, translucent skin 2, jelly sensing items, cold-blooded, MP-powered
wands, AC +8
a: Breathe Fire, Request Jelly, Slimify, Cure Bad Mutation, Renounce Religion


You were in the Dungeon.
You worshipped Jiyva.
Jiyva was exalted by your worship.
You were completely stuffed.

You visited 1 branch

Inventory:

Hand Weapons
 I - the +7 Screaming Sword (weapon)
   (You found it in the Dungeon)
Missiles
 c - 3 throwing nets (quivered)
Armour
 b - a +0 hat (worn)
 k - a +3 shield
 F - the +3 warlock's mirror (worn) {reflect}
   (You found it in the Dungeon)
Jewellery
 C - the ring of Oghekh (right hand) {rElec rPois MR+++ Int+3 Stlth-}
   (You found it in the Dungeon)

   [ring of intelligence]

   It affects your intelligence (+3).
   It insulates you from electricity.
   It protects you from poison.
   It affects your resistance to hostile enchantments.
   It makes you less stealthy.
 D - the ring "Xidyguno" {rCorr rPois}
   (You found it in the Dungeon)

   [ring of resist corrosion]

   It protects you from poison.
 L - the ring "Rinosk" {rF+ MR+ Dex+2}
   (You took it off a deep elf mage in the Dungeon)

   [ring of protection from fire]

   It affects your dexterity (+2).
   It protects you from fire.
   It affects your resistance to hostile enchantments.
 N - the ring "Uwotit" {MP+9 Int+3 Stlth+}
   (You took it off an iron imp in the Dungeon)

   [ring of stealth]

   It affects your intelligence (+3).
   It affects your magic capacity (+9).
   It makes you more stealthy.
 O - the ring "Ygyaqy" (left hand) {rF- rC+ Str+2 Dex+6}
   (You found it in the Dungeon)

   [ring of protection from cold]

   It affects your strength (+2).
   It affects your dexterity (+6).
   It makes you vulnerable to fire.
   It protects you from cold.
Wands
 x - a wand of disintegration (7)
 y - a wand of iceblast (2)
 z - a wand of acid (6)
Scrolls
 j - 2 scrolls of blinking
 l - 4 scrolls of amnesia
 m - 7 scrolls of fog
 n - a scroll of holy word
 o - 5 scrolls of identify
 p - 5 scrolls of remove curse
 q - 2 scrolls of fear
 J - 4 scrolls of enchant weapon
 M - 4 scrolls of enchant armour
Potions
 e - 10 potions of curing
 f - 8 potions of heal wounds
 g - 10 potions of haste
 h - 7 potions of magic
 i - 2 potions of berserk rage
 r - 2 potions of brilliance
 s - 2 potions of invisibility
 t - 4 potions of resistance
 v - 6 potions of agility
 w - 5 potions of might
Books
 P - a manual of Fire Magic
 Q - a manual of Throwing
Miscellaneous
 a - 3 phantom mirrors
 u - 3 sacks of spiders
 A - a crystal ball of energy
 B - a fan of gales
 E - a phial of floods
 G - a lamp of fire
 H - a lightning rod (3/4)
 K - 3 boxes of beasts
Comestibles
 d - 8 rations


   Skills:
 - Level 10.8 Fighting
 - Level 16.0 Long Blades
 - Level 1.7 Throwing
 + Level 16.0 Dodging
 - Level 15.0 Shields
 + Level 12.1 Spellcasting
 + Level 10.3 Fire Magic
 + Level 10.7 Air Magic
 + Level 12.5 Evocations


You had 33 spell levels left.
You knew the following spells:

 Your Spells              Type           Power        Failure   Level  Hunger
a - Mephitic Cloud        Conj/Pois/Air  ###.....     5%          3    None


Dungeon Overview and Level Annotations

Branches:
Dungeon (1/1)

Altars:
Ashenzari
Cheibriados
Dithmenos
Elyvilon
Fedhas
Gozag
Hepliaklqana
Kikubaaqudgha
Makhleb
Nemelex Xobeh
Okawaru
Qazlal
Ru
Sif Muna
Trog
Uskayaw
Vehumet
Wu Jian
Xom
Yredelemnul
Zin
The Shining One
Beogh
Jiyva
Lugonu


Innate Abilities, Weirdness & Mutations

You can breathe blasts of fire.
Your fiery red scales are hard. (AC +8)
You cannot fit into any form of body armour.
Your flesh is heat resistant. (rF+)
You are cold-blooded and may be slowed by cold attacks.
Your mind is acute. (Int +2)
Your body has grown many golden eyes which may confuse attackers. (Acc +5)
Armour fits poorly on your pseudopods.
Your translucent skin reduces your foes' accuracy. (Stealth)
You have a small jelly attached to you that senses nearby items.
You expend magic power (3 MP) to strengthen your wands.


Message History

The large rock hits the centaur!!
The centaur dies!
Okay, then.
Evoke which item? (* to show all) (? for menu, Esc to quit)
Aiming: Thunderbolt
Press: ? - help, Shift-Dir - straight line The thunderbolt hits the cyclops.
The cyclops is heavily wounded.
The Screaming Sword shouts, "Today is a good day to die!"
The monsters around you reel from the noise!
You feel sick. You block the centaur warrior's attack.
The merfolk javelineer barely misses you.
The cyclops throws a large rock.
You reflect the large rock off your +3 warlock's mirror {reflect}!
The large rock hits your death ooze!!
The cyclops throws a large rock.
The large rock hits your death ooze!
Your death ooze is destroyed!
The yaktaur captain wields an arbalest.
The yaktaur captain shoots a bolt.
The bolt hits you!!
You die...

,∆ ,∆∆∆∆∆ ▓.........
,▓.....}[.:....▓......|..
▓.............▓.........
,
▓....C........▓..▓.....▓
, ,
▓....(....C...▓.........
▓....(cC(.....▓.....©...
,
,▓..C...Cmm....▓▓▓▓▓▓▓▓▓▓
▓..|))..▓ ▓G.J8©8... ▓
▓▓..@|.▓▓ ▓J........
▓..▓.....c.▓..▓.........
▓..C(...(C(...▓.......J.
▓..C..(©(C....▓...J.....
▓▓▓▓▓▓▓▓▓▓▓▓▓▓▓..J.....J
▓JJ....... ▓......... ,∆
▓G▓.....▓. ▓....©....


You could see a stone giant, 2 merfolk javelineers, a yaktaur captain, a centaur
warrior and 8 cyclopes.

Vanquished Creatures
  A bone dragon (D)
  A tentacled starspawn (D)
  A deep elf elementalist (D)
  A crystal guardian (D)
  3 dancing weapons (D)
  A death yak (D)
  A thrashing horror (D)
  A deep elf knight (D)
  A sixfirhy (D)
  2 death drakes (D)
  A swamp dragon (D)
  A deep elf archer (D)
  7 deep elf magi (D)
  An elephant (D)
  A spiny frog (D)
  2 gargoyles (D)
  7 rime drakes (D)
  An ancient zyme (D)
  3 polar bears (D)
  A dream sheep (D)
  A spriggan (D)
  4 large abominations (D)
  A water elemental (D)
  3 wyverns (D)
  3 yaks (D)
  A wraith (D)
  A fire elemental (D)
  A steam dragon (D)
  A neqoxec (D)
  2 water moccasins (D)
  2 acid dragons (D)
  3 insubstantial wisps (D)
  2 small abominations (D)
  3 porcupines (D)
  A swamp drake (D)
  An ice beast (D)
  2 wolves (D)
  2 centaurs (D)
  A crocodile (D)
  2 bullfrogs (D)
  3 crimson imps (D)
  3 quasits (D)
  2 orc priests (D)
  3 iron imps (D)
  3 iguanas (D)
  3 orc wizards (D)
  A river rat (D)
  2 shadow imps (D)
  2 white imps (D)
  2 ufetubi (D)
  2 orcs (D)
  3 jackals (D)
  A giant cockroach simulacrum (D)
105 creatures vanquished.

Vanquished Creatures (collateral kills)
  A quicksilver dragon (D)
  An iron dragon (D)
  2 stone giants (D)
  2 fire dragons (D)
  2 crystal guardians (D)
  An ice dragon (D)
  A dancing weapon (D)
  An iron golem (D)
  A deep elf mage (D)
  A spriggan (D)
  3 large abominations (D)
  3 earth elementals (D)
  An iron imp (D)
20 creatures vanquished.

Vanquished Creatures (others)
  A merfolk javelineer (D)
  A centaur warrior (D)
  2 deep elf magi (D)
  2 yaktaurs (D)
  2 water elementals (D)
  A centaur (D)
  A quasit (D)
  15 jellies (D)
  A bat zombie (D)
  2 starspawn tentacles (D)
28 creatures vanquished.

Grand Total: 153 creatures vanquished

Notes
Turn   | Place    | Note
-------+----------+-------------------------------------------
     0 | D        | Found the +6 Majin-Bo {vamp, Archmagi MP+6 Int+6}
     0 | D        | Found the +7 great mace "Firestarter" {inner flame, rF++}
     0 | D        | KristoblXynda the Draconian Gladiator began the quest for the Orb.
     0 | D        | Reached XP level 1. HP: 17/17 MP: 1/1
     1 | D        | Found a blossoming altar of Fedhas.
     8 | D        | Found a viscous altar of Jiyva.
     8 | D        | Found a hazy altar of Hepliaklqana.
     8 | D        | Found a transporter.
     8 | D        | Found an opulent altar of Gozag.
     8 | D        | Found an ancient bone altar of Kikubaaqudgha.
     8 | D        | Found a corrupted altar of Lugonu.
    10 | D        | Found a burning altar of Makhleb.
    11 | D        | Found a sacrificial altar of Ru.
    11 | D        | Found a stormy altar of Qazlal.
    11 | D        | Found a deep blue altar of Sif Muna.
    11 | D        | Found an iron altar of Okawaru.
    11 | D        | Found a bloodstained altar of Trog.
    11 | D        | Found a sparkling altar of Nemelex Xobeh.
    32 | D        | Found the +6 shillelagh "Devastator" {shatter}
    32 | D        | Found the +11 plutonium sword {*Contam Stlth-}
    32 | D        | Found the +8 lance "Wyrmbane" {slay drac, rPois rF+ rC+ AC+3}
    32 | D        | Found the +9 sword of Zonguldrok {reap}
    32 | D        | Found the cursed +13 scythe of Curses {drain, *Curse}
    32 | D        | Found the +0 sword of Power
    32 | D        | Found the +7 mace of Variability {chaos}
    32 | D        | Found the +7 Singing Sword
    32 | D        | Found the +7 longbow "Piercer" {penet, EV-2}
    35 | D        | Reached skill level 5 in Long Blades
    35 | D        | Reached XP level 2. HP: 24/24 MP: 2/2
    46 | D        | Became a worshipper of Jiyva Jirer the Shapeless
    48 | D        | Reached * piety under Jiyva
    48 | D        | Reached ** piety under Jiyva
    48 | D        | Reached *** piety under Jiyva
    49 | D        | Reached **** piety under Jiyva
    49 | D        | Reached ***** piety under Jiyva
    53 | D        | Gained mutation: You are agile. (Dex +2) [Jiyva's grace]
    53 | D        | Reached ****** piety under Jiyva
    53 | D        | Lost mutation: You are agile. (Dex +2) [Jiyva's grace]
    55 | D        | Gained mutation: You have sharp toenails. [Jiyva's grace]
    55 | D        | Gained mutation: Your system is resistant to poisons. (rPois) [Jiyva's grace]
    56 | D        | Gained mutation: You have acidic saliva. [Jiyva's grace]
    59 | D        | Gained mutation: You are agile. (Dex +2) [Jiyva's grace]
    59 | D        | Gained mutation: You have supernaturally acute eyesight. (SInv) [Jiyva's grace]
    59 | D        | Gained mutation: You tend to lose your temper in combat. [Jiyva's grace]
    59 | D        | Lost mutation: Your system is resistant to poisons. (rPois) [Jiyva's grace]
    61 | D        | Gained mutation: Your system is resistant to poisons. (rPois) [Jiyva's grace]
    61 | D        | Lost mutation: You tend to lose your temper in combat. [Jiyva's grace]
    61 | D        | Gained mutation: You have a small jelly attached to you that senses nearby items. [Jiyva's grace]
    61 | D        | Gained mutation: You have very sharp teeth. [Jiyva's grace]
    61 | D        | Gained mutation: Your flesh is heat resistant. (rF+) [Jiyva's grace]
    63 | D        | Gained mutation: Your natural rate of healing is unusually fast. [Jiyva's grace]
    63 | D        | Gained mutation: You are very agile. (Dex +4) [Jiyva's grace]
    64 | D        | Lost mutation: Your flesh is heat resistant. (rF+) [Jiyva's grace]
    70 | D        | Gained mutation: You expend magic power (3 MP) to strengthen your wands. [Jiyva's grace]
    74 | D        | Lost mutation: You have a small jelly attached to you that senses nearby items. [Jiyva's grace]
    81 | D        | Gained mutation: Your skin changes colour to match your surroundings (Stealth+). [Jiyva's grace]
    82 | D        | Lost mutation: Your system is resistant to poisons. (rPois) [Jiyva's grace]
    82 | D        | Gained mutation: You have a pair of small horns on your head. [Jiyva's grace]
    82 | D        | Gained mutation: Armour fits poorly on your pseudopods. [Jiyva's grace]
    82 | D        | Lost mutation: You have a pair of small horns on your head. [Jiyva's grace]
    82 | D        | Lost mutation: Your skin changes colour to match your surroundings (Stealth+). [Jiyva's grace]
    82 | D        | Lost mutation: You have acidic saliva. [Jiyva's grace]
    82 | D        | Lost mutation: You are very agile. (Dex +4) [Jiyva's grace]
    82 | D        | Lost mutation: You are agile. (Dex +2) [Jiyva's grace]
    82 | D        | Lost mutation: You expend magic power (3 MP) to strengthen your wands. [Jiyva's grace]
    82 | D        | Gained mutation: You are somewhat resistant to further mutation. [Jiyva's grace]
    83 | D        | Gained mutation: You have acidic saliva. [Jiyva's grace]
    84 | D        | Gained mutation: Your mind is acute. (Int +2) [Jiyva's grace]
    86 | D        | Gained mutation: You are covered in fur. (AC +1) [Jiyva's grace]
    88 | D        | Entered arena 2.
    88 | D        | Noticed a spriggan
    88 | D        | Noticed a spriggan
    88 | D        | Found a transporter.
    91 | D        | Killed a spriggan
    91 | D        | Reached XP level 3. HP: 29/29 MP: 3/3
    91 | D        | Reached XP level 4. HP: 36/36 MP: 4/4
    91 | D        | Reached XP level 5. HP: 41/41 MP: 5/5
    91 | D        | Gained mutation: You are resistant to electric shocks. (rElec) [Jiyva's grace]
    91 | D        | Killed a spriggan
    91 | D        | Reached XP level 6. HP: 48/48 MP: 6/6
    98 | D        | Gained mutation: Your flesh is cold resistant. (rC+) [Jiyva's grace]
   102 | D        | Lost mutation: You have sharp toenails. [Jiyva's grace]
   106 | D        | Gained mutation: You possess an exceptional clarity of mind. [Jiyva's grace]
   108 | D        | Gained mutation: Your flesh is very cold resistant. (rC++) [Jiyva's grace]
   109 | D        | Gained mutation: Your tail ends in a poisonous barb. [Jiyva's grace]
   111 | D        | Gained mutation: You are robust. (+10% HP) [Jiyva's grace]
   114 | D        | Lost mutation: You are robust. (+10% HP) [Jiyva's grace]
   114 | D        | Lost mutation: Your flesh is very cold resistant. (rC++) [Jiyva's grace]
   115 | D        | Lost mutation: Your mind is acute. (Int +2) [Jiyva's grace]
   115 | D        | Gained mutation: Your rubbery body absorbs attacks. (AC +1, EV +1) [Jiyva's grace]
   115 | D        | Lost mutation: Your flesh is cold resistant. (rC+) [Jiyva's grace]
   115 | D        | Lost mutation: Your tail ends in a poisonous barb. [Jiyva's grace]
   116 | D        | Gained mutation: You are robust. (+10% HP) [Jiyva's grace]
   118 | D        | Lost mutation: You are covered in fur. (AC +1) [Jiyva's grace]
   121 | D        | Gained mutation: You are resistant to hostile enchantments. (MR+) [Jiyva's grace]
   125 | D        | Entered arena 3.
   125 | D        | Noticed an insubstantial wisp
   125 | D        | Noticed an insubstantial wisp
   125 | D        | Noticed an insubstantial wisp
   125 | D        | Found a transporter.
   126 | D        | Gained mutation: You are covered in slimy tendrils that may disarm your opponents. [Jiyva's grace]
   129 | D        | Killed an insubstantial wisp
   129 | D        | Lost mutation: You have acidic saliva. [Jiyva's grace]
   132 | D        | Lost mutation: You are resistant to hostile enchantments. (MR+) [Jiyva's grace]
   133 | D        | Killed an insubstantial wisp
   133 | D        | Your scales start taking on a fiery red colour.
   133 | D        | Reached XP level 7. HP: 64/64 MP: 7/9
   133 | D        | Gained mutation: Your flesh is heat resistant. (rF+) [Red Draconian growth]
   138 | D        | Gained mutation: You are dopey. (Int -2) [Jiyva's grace]
   144 | D        | Entered arena 4.
   144 | D        | Noticed a deep elf mage
   144 | D        | Noticed a fire elemental
   144 | D        | Noticed a deep elf mage
   144 | D        | Noticed a scimitar of holy wrath
   144 | D        | Gained mutation: You are resistant to hostile enchantments. (MR+) [Jiyva's grace]
   144 | D        | Found a transporter.
   145 | D        | Found the +5 demon whip "Spellbinder" {antimagic, MR+}
   147 | D        | Killed a fire elemental
   147 | D        | Reached skill level 5 in Fighting
   149 | D        | Killed a scimitar of holy wrath
   149 | D        | Reached skill level 10 in Long Blades
   149 | D        | Reached skill level 5 in Evocations
   149 | D        | Reached XP level 8. HP: 42/78 MP: 10/12
   149 | D        | Gained mutation: You have a small jelly attached to you that senses nearby items. [Jiyva's grace]
   151 | D        | Killed a deep elf mage
   151 | D        | Reached skill level 10 in Shields
   152 | D        | Killed a deep elf mage
   152 | D        | Reached skill level 10 in Dodging
   152 | D        | Reached XP level 9. HP: 50/89 MP: 12/14
   155 | D        | Lost mutation: You are covered in slimy tendrils that may disarm your opponents. [Jiyva's grace]
   158 | D        | Lost mutation: You are somewhat resistant to further mutation. [Jiyva's grace]
   163 | D        | Lost mutation: You are dopey. (Int -2) [Jiyva's grace]
   165 | D        | Entered arena 5.
   165 | D        | Noticed a polar bear
   165 | D        | Noticed a polar bear
   165 | D        | Noticed a polar bear
   165 | D        | Found a transporter.
   166 | D        | Gained mutation: You have acidic saliva. [Jiyva's grace]
   168 | D        | Lost mutation: You have acidic saliva. [Jiyva's grace]
   171 | D        | Killed a polar bear
   171 | D        | Lost mutation: You are robust. (+10% HP) [Jiyva's grace]
   173 | D        | Killed a polar bear
   176 | D        | Gained mutation: Your body has grown golden eyes which may confuse attackers. (Acc +3) [Jiyva's grace]
   179 | D        | Killed a polar bear
   179 | D        | Gained mutation: You are agile. (Dex +2) [Jiyva's grace]
   182 | D        | Lost mutation: Armour fits poorly on your pseudopods. [Jiyva's grace]
   184 | D        | Got Calam's Tome of Flight
   185 | D        | Lost mutation: You are agile. (Dex +2) [Jiyva's grace]
   187 | D        | Entered arena 6.
   187 | D        | Found a transporter.
   188 | D        | Found the +8 demon blade "Leech" {vamp, rN+ AC-3 EV-3}
   189 | D        | Lost mutation: You possess an exceptional clarity of mind. [Jiyva's grace]
   195 | D        | Lost mutation: You are resistant to electric shocks. (rElec) [Jiyva's grace]
   201 | D        | Lost mutation: You are resistant to hostile enchantments. (MR+) [Jiyva's grace]
   203 | D        | Gained mutation: Your muscles are strong. (Str +2) [Jiyva's grace]
   209 | D        | Lost mutation: You have a small jelly attached to you that senses nearby items. [Jiyva's grace]
   212 | D        | Entered arena 7.
   213 | D        | Found a transporter.
   215 | D        | Lost mutation: Your natural rate of healing is unusually fast. [Jiyva's grace]
   218 | D        | Lost mutation: You have supernaturally acute eyesight. (SInv) [Jiyva's grace]
   218 | D        | Gained mutation: You can translocate small distances at will. [Jiyva's grace]
   218 | D        | Lost mutation: You can translocate small distances at will. [Jiyva's grace]
   219 | D        | Gained mutation: Your flesh is very heat resistant. (rF++) [Jiyva's grace]
   233 | D        | Lost mutation: Your muscles are strong. (Str +2) [Jiyva's grace]
   234 | D        | Got the ring "Xidyguno" {rCorr rPois}
   241 | D        | Lost mutation: You have very sharp teeth. [Jiyva's grace]
   241 | D        | Gained mutation: Your pliable body absorbs attacks. (AC +2, EV +2) [Jiyva's grace]
   244 | D        | Gained mutation: Your gelatinous body deflects attacks. (AC +3, EV +3) [Jiyva's grace]
   244 | D        | Lost mutation: Your gelatinous body deflects attacks. (AC +3, EV +3) [Jiyva's grace]
   248 | D        | Gained mutation: You have a small jelly attached to you that senses nearby items. [Jiyva's grace]
   253 | D        | Entered arena 8.
   253 | D        | Noticed a deep elf mage
   253 | D        | Noticed a deep elf mage
   253 | D        | Noticed a deep elf mage
   253 | D        | Noticed a short sword of flaming
   253 | D        | Noticed a deep elf mage
   253 | D        | Noticed a glaive of freezing
   254 | D        | Found a transporter.
   258 | D        | Killed a deep elf mage
   259 | D        | Killed a short sword of flaming
   259 | D        | Reached XP level 10. HP: 58/93 MP: 16/16
   259 | D        | Lost mutation: Your body has grown golden eyes which may confuse attackers. (Acc +3) [Jiyva's grace]
   261 | D        | Killed a deep elf mage
   261 | D        | Reached skill level 10 in Fighting
   262 | D        | Noticed an orange demon
   262 | D        | Killed a deep elf mage
   264 | D        | Killed a glaive of freezing
   264 | D        | Killed a deep elf mage
   268 | D        | Gained mutation: Potions are less effective at restoring your health. [Jiyva's grace]
   269 | D        | Gained mutation: You have acidic saliva. [Jiyva's grace]
   269 | D        | Gained mutation: Your gelatinous body deflects attacks. (AC +3, EV +3) [Jiyva's grace]
   269 | D        | Gained mutation: You do not regenerate when monsters are visible. [Jiyva's grace]
   269 | D        | Gained mutation: Your large and strong wings let you fly indefinitely. [Jiyva's grace]
   269 | D        | Lost mutation: You have acidic saliva. [Jiyva's grace]
   272 | D        | Lost mutation: Your large and strong wings let you fly indefinitely. [Jiyva's grace]
   273 | D        | Gained mutation: You have acidic saliva. [Jiyva's grace]
   274 | D        | Lost mutation: Your flesh is very heat resistant. (rF++) [Jiyva's grace]
   278 | D        | Lost mutation: You have acidic saliva. [Jiyva's grace]
   279 | D        | Gained mutation: You expend magic power (3 MP) to strengthen your wands. [Jiyva's grace]
   280 | D        | Lost mutation: You expend magic power (3 MP) to strengthen your wands. [Jiyva's grace]
   281 | D        | Gained mutation: You have large cloven feet. [Jiyva's grace]
   283 | D        | Lost mutation: You do not regenerate when monsters are visible. [Jiyva's grace]
   284 | D        | Gained mutation: Your body sometimes deteriorates upon taking damage. [Jiyva's grace]
   286 | D        | Gained mutation: You are covered in slimy tendrils that may disarm your opponents. [Jiyva's grace]
   289 | D        | Lost mutation: You have large cloven feet. [Jiyva's grace]
   289 | D        | Lost mutation: Your body sometimes deteriorates upon taking damage. [Jiyva's grace]
   294 | D        | Gained mutation: Your spells are a little harder to cast, but a little more powerful. [Jiyva's grace]
   295 | D        | Gained mutation: You are somewhat resistant to further mutation. [Jiyva's grace]
   299 | D        | Entered arena 9.
   300 | D        | Found a transporter.
   309 | D        | Gained mutation: Your muscles are strong. (Str +2) [Jiyva's grace]
   323 | D        | Got Oli Cuph's Volume of Toxins
   333 | D        | Learned a level 3 spell: Mephitic Cloud
   333 | D        | Gained mutation: You have sharp fingernails. [Jiyva's grace]
   335 | D        | Entered arena 10.
   336 | D        | Found a transporter.
   343 | D        | Gained mutation: Your muscles are very strong. (Str +4) [Jiyva's grace]
   344 | D        | Reached skill level 1 in Spellcasting
   349 | D        | Reached skill level 10 in Evocations
   356 | D        | Gained mutation: Your flesh is cold resistant. (rC+) [Jiyva's grace]
   365 | D        | Gained mutation: Your translucent skin slightly reduces your foes' accuracy. (Stealth) [Jiyva's grace]
   365 | D        | Lost mutation: Your spells are a little harder to cast, but a little more powerful. [Jiyva's grace]
   367 | D        | Gained mutation: You expend magic power (3 MP) to strengthen your wands. [Jiyva's grace]
   369 | D        | Gained mutation: You are somewhat resistant to both further mutation and mutation removal. [Jiyva's grace]
   374 | D        | Lost mutation: Potions are less effective at restoring your health. [Jiyva's grace]
   379 | D        | Entered arena 11.
   379 | D        | Noticed a deep elf mage
   379 | D        | Noticed a deep elf mage
   379 | D        | Noticed a deep elf archer
   379 | D        | Noticed a deep elf knight
   379 | D        | Noticed a war axe of distortion
   379 | D        | Noticed a deep elf mage
   379 | D        | Noticed a deep elf mage
   379 | D        | Noticed a deep elf elementalist
   380 | D        | Found a transporter.
   384 | D        | Killed a deep elf mage
   384 | D        | Killed a deep elf mage
   385 | D        | Noticed a soul eater
   387 | D        | Killed a deep elf elementalist
   387 | D        | Reached XP level 11. HP: 91/101 MP: 17/19
   388 | D        | Killed a war axe of distortion
   390 | D        | Noticed a sixfirhy
   390 | D        | Killed a deep elf archer
   391 | D        | Killed a deep elf mage
   391 | D        | Reached skill level 5 in Spellcasting
   391 | D        | Killed a deep elf mage
   393 | D        | Killed a deep elf knight
   396 | D        | Gained mutation: Your flesh is very cold resistant. (rC++) [Jiyva's grace]
   404 | D        | Lost mutation: You are somewhat resistant to both further mutation and mutation removal. [Jiyva's grace]
   408 | D        | Lost mutation: Your gelatinous body deflects attacks. (AC +3, EV +3) [Jiyva's grace]
   409 | D        | Gained mutation: You are covered in fur. (AC +1) [Jiyva's grace]
   409 | D        | Gained mutation: You possess an exceptional clarity of mind. [Jiyva's grace]
   409 | D        | Gained mutation: You have a pair of small antennae on your head. [Jiyva's grace]
   411 | D        | Gained mutation: Your large and strong wings let you fly indefinitely. [Jiyva's grace]
   413 | D        | Lost mutation: You are covered in slimy tendrils that may disarm your opponents. [Jiyva's grace]
   417 | D        | Lost mutation: You have a pair of small antennae on your head. [Jiyva's grace]
   419 | D        | Lost mutation: Your flesh is very cold resistant. (rC++) [Jiyva's grace]
   422 | D        | Lost mutation: You possess an exceptional clarity of mind. [Jiyva's grace]
   424 | D        | Got the ring "Rinosk" {rF+ MR+ Dex+2}
   428 | D        | Lost mutation: Your flesh is cold resistant. (rC+) [Jiyva's grace]
   432 | D        | Lost mutation: Your large and strong wings let you fly indefinitely. [Jiyva's grace]
   433 | D        | Lost mutation: You expend magic power (3 MP) to strengthen your wands. [Jiyva's grace]
   436 | D        | Lost mutation: Your pliable body absorbs attacks. (AC +2, EV +2) [Jiyva's grace]
   438 | D        | Lost mutation: Your rubbery body absorbs attacks. (AC +1, EV +1) [Jiyva's grace]
   438 | D        | Gained mutation: You are covered in slimy tendrils that may disarm your opponents. [Jiyva's grace]
   439 | D        | Lost mutation: You are covered in fur. (AC +1) [Jiyva's grace]
   440 | D        | Gained mutation: You have acidic saliva. [Jiyva's grace]
   444 | D        | Entered arena 12.
   444 | D        | Noticed an iron dragon
   444 | D        | Noticed a stone giant
   444 | D        | Noticed an iron golem
   444 | D        | Noticed a crystal guardian
   445 | D        | Noticed an iron golem
   445 | D        | Noticed an iron golem
   446 | D        | Found a transporter.
   451 | D        | Entered arena 13.
   451 | D        | Noticed a great orb of eyes
   451 | D        | Noticed a death ooze
   451 | D        | Lost mutation: You are somewhat resistant to further mutation. [Jiyva's grace]
   451 | D        | Gained mutation: Your mind is acute. (Int +2) [Jiyva's grace]
   451 | D        | Lost mutation: You have sharp fingernails. [Jiyva's grace]
   452 | D        | Noticed a death ooze
   452 | D        | Noticed a death ooze
   452 | D        | Noticed a death ooze
   453 | D        | Found a transporter.
   463 | D        | Entered arena 14.
   465 | D        | Noticed a bone dragon
   465 | D        | Noticed a sixfirhy
   465 | D        | Gained mutation: You have an increased reservoir of magic. (+10% MP) [Jiyva's grace]
   466 | D        | Found a transporter.
   468 | D        | Killed a sixfirhy
   470 | D        | Gained mutation: Your tail ends in a poisonous barb. [Jiyva's grace]
   474 | D        | Lost mutation: Your mind is acute. (Int +2) [Jiyva's grace]
   483 | D        | Gained mutation: You are clumsy. (Dex -2) [Jiyva's grace]
   488 | D        | Killed a bone dragon
   499 | D        | Gained mutation: You have sharp toenails. [Jiyva's grace]
   505 | D        | Got the ring "Uwotit" {MP+9 Int+3 Stlth+}
   511 | D        | Got the Reference Book on Summoning
   515 | D        | Got Sif Muna's Papyrus of the Unstable Blaze
   515 | D        | Lost mutation: Your tail ends in a poisonous barb. [Jiyva's grace]
   517 | D        | Entered arena 15.
   518 | D        | Noticed an iron dragon
   518 | D        | Noticed a stone giant
   518 | D        | Noticed a stone giant
   518 | D        | Noticed a crystal guardian
   518 | D        | Noticed an iron golem
   519 | D        | Noticed a crystal guardian
   519 | D        | Noticed a quicksilver dragon
   519 | D        | Noticed a crystal guardian
   520 | D        | Found a transporter.
   525 | D        | Killed a stone giant
   525 | D        | Reached XP level 12. HP: 61/108 MP: 25/25
   526 | D        | Lost mutation: You are clumsy. (Dex -2) [Jiyva's grace]
   529 | D        | Killed a crystal guardian
   532 | D        | Killed a quicksilver dragon
   532 | D        | Reached skill level 15 in Long Blades
   533 | D        | Lost mutation: Your muscles are very strong. (Str +4) [Jiyva's grace]
   534 | D        | Killed a crystal guardian
   534 | D        | Reached skill level 5 in Air Magic
   539 | D        | Killed an iron dragon
   543 | D        | Killed a crystal guardian
   545 | D        | Killed a stone giant
   548 | D        | Lost mutation: You have sharp toenails. [Jiyva's grace]
   555 | D        | Got the ring "Ygyaqy" {rF- rC+ Str+2 Dex+6}
   561 | D        | Gained mutation: You can translocate small distances at will. [Jiyva's grace]
   575 | D        | Gained mutation: Your body has grown golden eyes which may confuse attackers. (Acc +3) [Jiyva's grace]
   580 | D        | Gained mutation: You are somewhat resistant to further mutation. [Jiyva's grace]
   580 | D        | Gained mutation: You have large cloven feet. [Jiyva's grace]
   580 | D        | Lost mutation: You have acidic saliva. [Jiyva's grace]
   582 | D        | Lost mutation: Your muscles are strong. (Str +2) [Jiyva's grace]
   584 | D        | Gained mutation: Your system is resistant to poisons. (rPois) [Jiyva's grace]
   587 | D        | Lost mutation: You have large cloven feet. [Jiyva's grace]
   590 | D        | Gained mutation: You possess an exceptional clarity of mind. [Jiyva's grace]
   592 | D        | Gained mutation: Your spells are a little harder to cast, but a little more powerful. [Jiyva's grace]
   592 | D        | Lost mutation: You can translocate small distances at will. [Jiyva's grace]
   594 | D        | Lost mutation: You are covered in slimy tendrils that may disarm your opponents. [Jiyva's grace]
   598 | D        | Gained mutation: You have acidic saliva. [Jiyva's grace]
   598 | D        | Gained mutation: You are resistant to hostile enchantments. (MR+) [Jiyva's grace]
   600 | D        | Gained mutation: Your rubbery body absorbs attacks. (AC +1, EV +1) [Jiyva's grace]
   601 | D        | Lost mutation: You possess an exceptional clarity of mind. [Jiyva's grace]
   603 | D        | Gained mutation: You expend magic power (3 MP) to strengthen your wands. [Jiyva's grace]
   610 | D        | Gained mutation: You occasionally shout uncontrollably at your foes. [Jiyva's grace]
   610 | D        | Gained mutation: Your translucent skin reduces your foes' accuracy. (Stealth) [Jiyva's grace]
   612 | D        | Lost mutation: You expend magic power (3 MP) to strengthen your wands. [Jiyva's grace]
   613 | D        | Lost mutation: You are somewhat resistant to further mutation. [Jiyva's grace]
   613 | D        | Gained mutation: You possess an exceptional clarity of mind. [Jiyva's grace]
   626 | D        | Entered arena 16.
   641 | D        | Noticed a tentacled starspawn
   642 | D        | Found the +3 warlock's mirror {reflect}
   642 | D        | Found a transporter.
   649 | D        | Killed a tentacled starspawn
   649 | D        | Reached skill level 10 in Spellcasting
   661 | D        | Lost mutation: Your translucent skin reduces your foes' accuracy. (Stealth) [Jiyva's grace]
   666 | D        | Got the ring of Oghekh {rElec rPois MR+++ Int+3 Stlth-}
   753 | D        | Entered arena 17.
   757 | D        | Noticed a death yak
   758 | D        | Found the +5 robe of Night {Dark MR+ SInv}
   759 | D        | Found the +4 skin of Zhor {rC+++}
   765 | D        | Reached skill level 15 in Dodging
   769 | D        | Killed a death yak
   771 | D        | Reached XP level 13. HP: 78/115 MP: 30/30
   776 | D        | Reached skill level 15 in Shields
   782 | D        | Found a transporter.
   803 | D        | Got the Catalogue of the Ashen Volcanoes
   811 | D        | Got the Reference Book on Frigorific Unholy Magic
   818 | D        | Lost mutation: You have a small jelly attached to you that senses nearby items. [Jiyva's grace]
   820 | D        | Gained mutation: You passively map a small area around you. [Jiyva's grace]
   820 | D        | Lost mutation: Your translucent skin slightly reduces your foes' accuracy. (Stealth) [Jiyva's grace]
   820 | D        | Lost mutation: Your rubbery body absorbs attacks. (AC +1, EV +1) [Jiyva's grace]
   822 | D        | Lost mutation: Your body has grown golden eyes which may confuse attackers. (Acc +3) [Jiyva's grace]
   824 | D        | Gained mutation: You have a small jelly attached to you that senses nearby items. [Jiyva's grace]
   826 | D        | Gained mutation: You are agile. (Dex +2) [Jiyva's grace]
   826 | D        | Lost mutation: You are agile. (Dex +2) [Jiyva's grace]
   826 | D        | Gained mutation: Your tail ends in a poisonous barb. [Jiyva's grace]
   829 | D        | Lost mutation: You occasionally shout uncontrollably at your foes. [Jiyva's grace]
   831 | D        | Lost mutation: You possess an exceptional clarity of mind. [Jiyva's grace]
   831 | D        | Lost mutation: Your tail ends in a poisonous barb. [Jiyva's grace]
   832 | D        | Lost mutation: Your spells are a little harder to cast, but a little more powerful. [Jiyva's grace]
   832 | D        | Gained mutation: You are clumsy. (Dex -2) [Jiyva's grace]
   833 | D        | Lost mutation: You have acidic saliva. [Jiyva's grace]
   833 | D        | Lost mutation: You are clumsy. (Dex -2) [Jiyva's grace]
   834 | D        | Lost mutation: You are resistant to hostile enchantments. (MR+) [Jiyva's grace]
   835 | D        | Entered arena 18.
   836 | D        | Gained mutation: Your skin changes colour to match your surroundings (Stealth+). [Jiyva's grace]
   839 | D        | Noticed a fire dragon
   840 | D        | Noticed a fire dragon
   840 | D        | Gained mutation: You are covered in slimy tendrils that may disarm your opponents. [Jiyva's grace]
   841 | D        | Gained mutation: Scrolls take you a little longer to read. [Jiyva's grace]
   842 | D        | Lost mutation: Your system is resistant to poisons. (rPois) [Jiyva's grace]
   844 | D        | Reached skill level 5 in Fire Magic
   847 | D        | Reached skill level 10 in Air Magic
   849 | D        | HP: 5/115 [fire dragon/blast of flame (33)]
   850 | D        | Killed a fire dragon
   853 | D        | Killed a fire dragon
   863 | D        | Found a transporter.
   878 | D        | Lost mutation: Scrolls take you a little longer to read. [Jiyva's grace]
   880 | D        | Lost mutation: You passively map a small area around you. [Jiyva's grace]
   882 | D        | Lost mutation: You have an increased reservoir of magic. (+10% MP) [Jiyva's grace]
   884 | D        | Gained mutation: You are frail. (-10% HP) [Jiyva's grace]
   886 | D        | Gained mutation: Your body has grown golden eyes which may confuse attackers. (Acc +3) [Jiyva's grace]
   889 | D        | Lost mutation: You are frail. (-10% HP) [Jiyva's grace]
   890 | D        | Got Ilegewk's Compendium of Bewitchment
   892 | D        | Lost mutation: Your skin changes colour to match your surroundings (Stealth+). [Jiyva's grace]
   892 | D        | Gained mutation: Your translucent skin slightly reduces your foes' accuracy. (Stealth) [Jiyva's grace]
   892 | D        | Gained mutation: You expend magic power (3 MP) to strengthen your wands. [Jiyva's grace]
   897 | D        | Gained mutation: Your mind is acute. (Int +2) [Jiyva's grace]
   897 | D        | Gained mutation: Your translucent skin reduces your foes' accuracy. (Stealth) [Jiyva's grace]
   903 | D        | Lost mutation: You are covered in slimy tendrils that may disarm your opponents. [Jiyva's grace]
   906 | D        | Gained mutation: You tend to lose your temper in combat. [Jiyva's grace]
   908 | D        | Lost mutation: You expend magic power (3 MP) to strengthen your wands. [Jiyva's grace]
   909 | D        | Lost mutation: You tend to lose your temper in combat. [Jiyva's grace]
   909 | D        | Lost mutation: Your mind is acute. (Int +2) [Jiyva's grace]
   910 | D        | Gained mutation: Your rubbery body absorbs attacks. (AC +1, EV +1) [Jiyva's grace]
   910 | D        | Gained mutation: Your body has grown many golden eyes which may confuse attackers. (Acc +5) [Jiyva's grace]
   911 | D        | Gained mutation: Your muscles are strong. (Str +2) [Jiyva's grace]
   911 | D        | Gained mutation: Armour fits poorly on your pseudopods. [Jiyva's grace]
   911 | D        | Gained mutation: Scrolls take you a little longer to read. [Jiyva's grace]
   911 | D        | Lost mutation: Scrolls take you a little longer to read. [Jiyva's grace]
   911 | D        | Lost mutation: Your muscles are strong. (Str +2) [Jiyva's grace]
   912 | D        | Gained mutation: You are frail. (-10% HP) [Jiyva's grace]
   912 | D        | Gained mutation: Your mind is acute. (Int +2) [Jiyva's grace]
   912 | D        | Lost mutation: You are frail. (-10% HP) [Jiyva's grace]
   914 | D        | Gained mutation: You expend magic power (3 MP) to strengthen your wands. [Jiyva's grace]
   933 | D        | Lost mutation: Your rubbery body absorbs attacks. (AC +1, EV +1) [Jiyva's grace]
  1070 | D        | Entered arena 19.
  1070 | D        | Noticed a merfolk javelineer
  1073 | D        | Noticed a stone giant
  1073 | D        | Noticed a merfolk javelineer
  1073 | D        | Noticed a merfolk javelineer
  1074 | D        | Identified the +7 lajatang "Embalmer" {drain, rElec rF+ rC+ Dex-2}
  1075 | D        | Killed a merfolk javelineer
  1075 | D        | Reached skill level 10 in Fire Magic
  1077 | D        | Shot with a bolt by a yaktaur captain

Vault maps used:
D:        sprint_v

Skill      XL: |  1  2  3  4  5  6  7  8  9 10 11 12 13 |
---------------+----------------------------------------+-----
Long Blades    | 5 7 8 9 10 12 13 14 16 | 16.0
Dodging        | 4 6 7 8 9 10 11 12 13 15 16 | 16.0
Shields        | 4 6 7 8 9 10 11 13 14 15 | 15.0
Fighting       | 4 6 8 9 10 | 10.8
Evocations     | 2 5 6 8 10 12 | 12.5
Spellcasting   | 4 7 10 12 | 12.1
Air Magic      | 2 8 10 | 10.7
Fire Magic     | 10 | 10.3
Throwing       | |  1.7

Action                   |  1- 3 |  4- 6 |  7- 9 | 10-12 | 13-15 || total
-------------------------+-------+-------+-------+-------+-------++-------
Melee: Double sword      |     1 |     8 |    34 |   112 |    23 ||   178
       Pseudopods        |       |       |     8 |       |     1 ||     9
       Tailslap          |       |       |     7 |    33 |     7 ||    47
       Bite              |       |       |     5 |    22 |     1 ||    28
       Kick              |       |       |       |    10 |       ||    10
Invok: Request Jelly     |       |     1 |     1 |     4 |     2 ||     8
 Abil: Breathe Fire      |       |       |     2 |     2 |       ||     4
Evoke: Wand              |     1 |       |     3 |     2 |       ||     6
       Lightning rod     |       |       |     4 |     8 |     6 ||    18
       Fan of gales      |       |       |       |     1 |     1 ||     2
       Phial of floods   |       |       |       |     1 |       ||     1
  Use: Potion            |     2 |       |       |     3 |     3 ||     8
       Scroll            |       |       |       |     2 |       ||     2
 Stab: Confused          |       |       |     1 |       |       ||     1
Armor: Skin              |       |     1 |    10 |    15 |     3 ||    29
Dodge: Dodged            |       |     3 |    63 |   125 |    62 ||   253
Block: Shield            |     1 |     8 |    56 |   107 |       ||   172
       Buckler           |       |       |       |    14 |    41 ||    55
       Reflection        |       |       |       |       |    14 ||    14
       Rpst.: Double sword |       |       |    10 |    36 |     6 ||    52

Table legend:
 A = Spawn XP
 B = Non-spawn XP
 C = Spawn XP percentage of total XP
 D = Spawn monster count
 E = Non-spawn monster count
 F = Spawn count percentage of total count
 G = Total turns spent on level
                    A         B        C        D         E        F      G
               +---------+---------+-------+---------+---------+-------+---------
         Total |       0 |   50228 |   0.0 |       0 |     132 |   0.0 |  1077
               +---------+---------+-------+---------+---------+-------+---------
             D |       0 |   50228 |   0.0 |       0 |     132 |   0.0 |  1077
               +---------+---------+-------+---------+---------+-------+---------
